AoeStats
← Augustoso5906

Black Forest

508779807Analyzed
4v4 RM · 8d ago on Sep 24, 2026· 82m 15s· 8 players
Game mode
Random Map
Map size
Large (8 player)
Population
200
Speed
Normal
Resources
Standard
Victory
Conquest
Starting age
Dark Age
Ending age
Imperial Age
RankedLock teamsTeams togetherTeam positionsShared explorationLock speedFull tech treeHidden civsTurbo modeCheats
Victory
Defeat
🇺🇸 Varangians · United States
807
+11
🇹🇼 Jurchens · Taiwan
786
+12
🇦🇷 Huns · Argentina
493
+24
🇺🇸 Vikings · United States
478
+25
🇧🇷 Khmer · Brazil
743
-20
🇲🇦 Persians · Morocco
684
-18
🇧🇷 Spanish · Brazil
658
-17
🇦🇷 Chinese · Argentina
655
-17
Carpeado BR
0:28 Loom
13:49 Feudal Age
16:37 Double-Bit Axe
16:41 Horse Collar
24:13 Castle Age
23:39 Gold Mining
23:41 Stone Mining
23:52 Fishing Lines
25:26 Heavy Plow
27:55 Town Watch
28:46 Wheelbarrow
32:10 Bow Saw
32:05 Gillnets
33:24 Stone Shaft Mining
36:36 Imperial Age
34:29 Hand Cart
37:48 Conscription
38:07 Hoardings
37:20 Elite Conquistador
42:41 Two-Man Saw
43:31 Chemistry
42:43 Fortified Wall
42:55 Ballistics
42:46 Masonry
44:40 Fletching
44:51 Padded Archer Armor
44:59 Scale Barding Armor
45:05 Forging
46:14 Squires
46:00 Arson
50:26 Onager
54:42 Town Patrol
54:49 Man-at-Arms
57:07 Chain Barding Armor
57:22 Iron Casting
56:43 Bodkin Arrow
57:04 Leather Archer Armor
58:17 Long Swordsman
58:43 Gambesons
59:30 Caravan
60:13 Pikeman
61:38 Architecture
61:05 Murder Holes
62:07 Plate Barding Armor
62:32 Blast Furnace
61:34 Bracer
62:05 Ring Archer Armor
65:34 Cavalier
66:17 Husbandry
66:28 Bloodlines
ZayaTruco
0:29 Loom
34:19 Feudal Age
39:14 Gold Mining
39:24 Stone Mining
39:16 Horse Collar
39:24 Double-Bit Axe
40:39 Wheelbarrow
40:41 Fletching
40:52 Padded Archer Armor
43:01 Castle Age
45:04 Hand Cart
45:09 Bodkin Arrow
45:30 Leather Archer Armor
45:22 Thumb Ring
45:21 Heavy Plow
45:35 Bow Saw
46:03 Gold Shaft Mining
46:07 Stone Shaft Mining
48:43 Imperial Age
48:44 Elite Chu Ko Nu
49:46 Conscription
49:31 Bracer
50:01 Ring Archer Armor
50:40 Ballistics
51:26 Chemistry
54:20 Murder Holes
54:47 Bombard Tower
54:21 Heated Shot
54:43 Masonry
54:47 Fortified Wall
amrani.amrani
1:18 Loom
13:31 Feudal Age
13:54 Double-Bit Axe
13:56 Horse Collar
15:35 Wheelbarrow
14:46 Town Watch
23:01 Castle Age
23:13 Gold Mining
23:14 Stone Mining
23:33 Heavy Plow
23:46 Bow Saw
28:02 Hand Cart
27:47 Town Patrol
32:47 Imperial Age
32:53 Imperial Age
31:50 Caravan
32:21 Coinage
31:43 Fishing Lines
33:56 Crop Rotation
34:04 Gold Shaft Mining
34:05 Stone Shaft Mining
36:05 Two-Man Saw
37:30 Padded Archer Armor
37:20 Fletching
37:41 Forging
37:32 Scale Mail Armor
37:37 Scale Barding Armor
38:31 Banking
38:11 Guilds
44:01 Chemistry
43:21 Ballistics
42:52 Heated Shot
43:15 Masonry
45:23 Elite War Elephant
46:03 Kamandaran
52:52 Squires
52:38 Gambesons
52:13 Man-at-Arms
52:14 Pikeman
52:45 Heavy Scorpion
52:45 Onager
52:46 Capped Ram
53:33 Heavy Camel Rider
53:36 Light Cavalry
59:07 Thumb Ring
58:22 Crossbowman
68:16 Capped Ram
Augustoso5906
11:24 Feudal Age
12:59 Wheelbarrow
12:06 Horse Collar
12:14 Double-Bit Axe
20:21 Castle Age
21:32 Hand Cart
20:45 Man-at-Arms
29:28 Gold Mining
29:29 Stone Mining
30:50 Caravan
30:36 Long Swordsman
31:20 Scale Mail Armor
31:59 Bow Saw
36:08 Imperial Age
35:30 Stone Shaft Mining
35:31 Gold Shaft Mining
36:14 Arson
36:16 Two-Handed Swordsman
36:22 Heavy Scorpion
38:29 Ballistics
38:09 Fletching
38:20 Padded Archer Armor
38:26 Scale Barding Armor
38:39 Chain Mail Armor
38:36 Forging
39:30 Heavy Plow
39:50 Siphons
41:44 Bodkin Arrow
42:04 Leather Archer Armor
42:25 Iron Casting
41:24 Pikeman
43:46 Crop Rotation
45:54 Chemistry
46:36 Coinage
45:51 Halberdier
45:57 Capped Ram
46:18 Onager
49:21 Conscription
49:05 Double Crossbow
50:34 Bracer
51:35 Blast Furnace
50:41 Scale Barding Armor
51:09 Ring Archer Armor
62:13 Husbandry
61:36 Cavalier
62:33 Bloodlines
61:45 Elite Battle Elephant
Dancen lepercon
1:10 Loom
12:04 Feudal Age
18:58 Castle Age
17:20 Double-Bit Axe
19:41 Horse Collar
21:27 Wheelbarrow
26:15 Stone Mining
26:17 Gold Mining
26:40 Heavy Plow
28:56 Forging
28:52 Scale Barding Armor
29:57 Stone Shaft Mining
30:08 Hand Cart
30:15 Husbandry
30:27 Bloodlines
34:29 Imperial Age
36:14 Iron Casting
35:41 Scale Mail Armor
36:03 Chain Barding Armor
35:36 Gambesons
35:54 Squires
36:44 Vendel Legacy
37:04 Pikeman
38:15 Bow Saw
38:47 Elite Jarl
40:09 Ballistics
39:47 Murder Holes
41:55 Coinage
43:00 Blast Furnace
42:50 Siege Engineers
43:47 Chemistry
44:42 Two-Man Saw
44:52 Conscription
48:04 Halberdier
49:36 Banking
49:17 Guilds
49:09 Caravan
48:51 Halberdier
49:54 Chain Mail Armor
50:15 Plate Barding Armor
53:54 Plate Mail Armor
54:30 Cavalier
58:50 Onager
66:03 Arson
68:43 Gothikon
78:46 Spies/Treason
78:55 Spies/Treason
ruskihitman1
13:12 Feudal Age
18:11 Double-Bit Axe
21:12 Scale Barding Armor
25:05 Castle Age
24:18 Stone Mining
24:19 Gold Mining
25:35 Padded Archer Armor
25:27 Fletching
25:48 Forging
25:39 Scale Mail Armor
26:55 Bow Saw
28:50 Leather Archer Armor
28:31 Bodkin Arrow
29:12 Iron Casting
41:51 Imperial Age
43:26 Conscription
43:42 Hoardings
44:44 Elite Berserk
51:10 Cavalier
51:12 Light Cavalry
52:32 Crossbowman
53:17 Arbalester
57:50 Chain Mail Armor
67:27 Chain Barding Armor
71:01 Ring Archer Armor
70:35 Bracer
71:06 Plate Mail Armor
74:17 Blast Furnace
LCStarkE
1:21 Loom
15:25 Feudal Age
23:48 Bloodlines
28:58 Horse Collar
29:06 Double-Bit Axe
31:26 Fishing Lines
36:41 Castle Age
36:36 Forging
36:17 Fletching
37:18 Stone Mining
37:34 Heavy Plow
37:47 Bow Saw
38:56 Caravan
45:07 Husbandry
49:12 Imperial Age
46:56 Masonry
46:42 Murder Holes
47:08 Ballistics
47:34 Wheelbarrow
47:04 Pikeman
47:45 Squires
47:31 Arson
47:13 Elite Skirmisher
49:18 Gillnets
50:30 Iron Casting
49:50 Bodkin Arrow
52:53 Blast Furnace
51:54 Bracer
52:00 Scale Barding Armor
52:40 Conscription
52:31 Marauders
52:52 Atheism
52:19 Halberdier
52:26 Light Cavalry
55:02 Hand Cart
55:19 Chain Barding Armor
56:37 Plate Barding Armor
56:29 Elite Tarkan
58:04 Padded Archer Armor
58:05 Scale Mail Armor
58:02 Cavalier
58:25 Capped Ram
59:12 Hussar
62:06 Leather Archer Armor
62:07 Chain Mail Armor
62:32 Heavy Cavalry Archer
63:38 Parthian Tactics
63:26 Paladin
67:58 Chemistry
80:06 Siege Ram
老多金仙人
1:52 Loom
11:41 Feudal Age
12:07 Double-Bit Axe
17:33 Castle Age
15:38 Gold Mining
15:41 Fishing Lines
16:36 Horse Collar
16:48 Stone Mining
18:42 Wheelbarrow
20:02 Bow Saw
20:36 Gillnets
23:45 Fervor
26:42 Gold Shaft Mining
27:19 Treadmill Crane
27:50 Fortified Wall
28:56 Fortified Bastions
33:54 Imperial Age
31:55 Caravan
33:34 Hand Cart
34:10 Ballistics
33:45 Fletching
33:55 Murder Holes
34:13 Masonry
37:46 Chemistry
38:23 Bodkin Arrow
38:29 Padded Archer Armor
39:52 Siege Engineers
40:11 Guilds
41:05 Two-Man Saw
40:12 Heavy Plow
40:44 Architecture
40:13 Murder Holes
43:48 Crop Rotation
43:27 Bracer
44:20 Conscription
45:34 Leather Archer Armor
45:45 Thunderclap Bombs
47:04 Ring Archer Armor
47:47 Stone Shaft Mining
47:47 Crop Rotation
48:37 Heavy Rocket Cart
54:56 Elite Fire Lancer
55:38 Scale Mail Armor
55:49 Forging
55:53 Squires
55:41 Arson
59:02 Chain Mail Armor
59:23 Iron Casting
59:06 Arrowslits
59:12 Guard Tower
61:59 Keep
64:27 Blast Furnace
64:21 Scale Barding Armor
64:53 Hoardings
63:40 Elite Iron Pagoda
66:33 Chain Barding Armor
66:20 Husbandry
66:32 Bloodlines
65:46 Elite Steppe Lancer
68:14 Plate Barding Armor
68:16 Heavy Scorpion
80:23 Spies/Treason
Connection lost

Rejoining the realm…

Still unreachable

The connection could not be restored.

Session expired

The server has moved on; the page needs a fresh start.